| TOP OF THE 1ST |
|
Toledo Mud Hens batting - Pitching for Richmond Braves : RHP Pete Hamm
|
|
Pitching: RHP Pete Hamm
|
|
|
Batting: RHB Joey McEndree
|
0-0: Ball 1-0: Fly out, F4 (Flyball, 34D, EV 93.8 MPH)
|
|
Batting: LHB Ron Diggle
|
0-0: Called Strike 0-1: Foul Ball, location: 2F 0-2: Strikes out looking
|
|
Batting: LHB Greg Brock
|
0-0: Ground out 3-1 (Groundball, 34, EV 86.9 MPH)
|
| Top of the 1st over - 0 runs, 0 hits, 0 errors, 0 left on base; Toledo 0 - Richmond 0 |
| BOTTOM OF THE 1ST |
|
Richmond Braves batting - Pitching for Toledo Mud Hens : RHP Douglas Mathey
|
|
Pitching: RHP Douglas Mathey
|
|
|
Batting: RHB Dave Stegman
|
0-0: Fly out, F8 (Line Drive, 8LD, EV 105.6 MPH)
|
|
Batting: RHB Mike Fuentes
|
0-0: Foul Ball, location: 2F 0-1: Ball 1-1: Ball 2-1: Called Strike 2-2: Fly out, F7 (Flyball, 78M, EV 81.9 MPH)
|
|
Batting: SHB Howard Johnson
|
0-0: Called Strike 0-1: Ball 1-1: Ball 2-1: Foul Ball, location: 2F 2-2: Ground out 4-3 (Groundball, 4, EV 90.0 MPH)
|
| Bottom of the 1st over - 0 runs, 0 hits, 0 errors, 0 left on base; Toledo 0 - Richmond 0 |
| TOP OF THE 2ND |
|
Toledo Mud Hens batting - Pitching for Richmond Braves : RHP Pete Hamm
|
|
Batting: SHB Ken Henderson
|
0-0: Ground out 1-3 (Groundball, 13S, EV 67.5 MPH)
|
|
Batting: RHB Milt Jefferson
|
0-0: Ball 1-0: Foul Ball, location: 2F 1-1: Ball 2-1: Ground out 5-3 (Groundball, 56S, EV 81.9 MPH)
|
|
Batting: RHB Dennis Odom
|
0-0: Swinging Strike 0-1: Ball 1-1: Reached on error, E5 (Groundball, 56S, EV 78.8 MPH)
|
|
Batting: RHB Larry Patterson
|
0-0: Ball 1-0: Foul Ball, location: 2F 1-1: Ball 2-1: Foul Ball, location: 2F 2-2: Ground out 4-3 (Groundball, 4, EV 91.3 MPH)
|
| Top of the 2nd over - 0 runs, 0 hits, 1 error, 1 left on base; Toledo 0 - Richmond 0 |
| BOTTOM OF THE 2ND |
|
Richmond Braves batting - Pitching for Toledo Mud Hens : RHP Douglas Mathey
|
|
Batting: LHB Chris Evans
|
0-0: Ball 1-0: Ball 2-0: Called Strike 2-1: Fly out, F8 (Flyball, 78D, EV 95.0 MPH)
|
|
Batting: LHB Dan Rohn
|
0-0: Ball 1-0: Ball 2-0: Called Strike 2-1: Ball 3-1: Ground out 6-3 (Groundball, 6, EV 81.9 MPH)
|
|
Batting: LHB Tracy Dophied
|
0-0: Foul Ball, location: 2F 0-1: Ball 1-1: Ball 2-1: Fly out, F8 (Line Drive, 8RM, EV 98.8 MPH)
|
| Bottom of the 2nd over - 0 runs, 0 hits, 0 errors, 0 left on base; Toledo 0 - Richmond 0 |
| TOP OF THE 3RD |
|
Toledo Mud Hens batting - Pitching for Richmond Braves : RHP Pete Hamm
|
|
Batting: LHB Greg Johnston
|
0-0: Ball 1-0: Swinging Strike 1-1: Foul Ball, location: 2F 1-2: Strikes out swinging
|
|
Batting: LHB George LaCoe
|
0-0: Swinging Strike 0-1: Swinging Strike 0-2: Ball 1-2: Foul Ball, location: 2F 1-2: Ball 2-2: Foul Ball, location: 2F 2-2: Ball 3-2: Strikes out swinging
|
|
Batting: RHB Joey McEndree
|
0-0: Called Strike 0-1: Ball 1-1: Ball 2-1: Fly out, F8 (Flyball, 8RS, EV 83.8 MPH)
|
| Top of the 3rd over - 0 runs, 0 hits, 0 errors, 0 left on base; Toledo 0 - Richmond 0 |
| BOTTOM OF THE 3RD |
|
Richmond Braves batting - Pitching for Toledo Mud Hens : RHP Douglas Mathey
|
|
Batting: SHB Donnie Scott
|
0-0: Ball 1-0: Ground out 6-3 (Groundball, 6M, EV 98.8 MPH)
|
|
Batting: SHB Julio Cruz
|
0-0: Ball 1-0: Called Strike 1-1: Ground out 4-3 (Groundball, 4, EV 101.9 MPH)
|
|
Batting: RHB Richard Busby
|
0-0: Foul Ball, location: 2F 0-1: Ball 1-1: SINGLE (Groundball, 56D, EV 105.0 MPH)
|
|
Batting: RHB Dave Stegman
|
0-0: Called Strike 0-1: Foul Ball, location: 2F 0-2: Foul Ball, location: 2F 0-2: Fielders Choice at 2nd, 5-4 (Groundball, 56, EV 103.8 MPH)
|
| Bottom of the 3rd over - 0 runs, 1 hit, 0 errors, 1 left on base; Toledo 0 - Richmond 0 |
| TOP OF THE 4TH |
|
Toledo Mud Hens batting - Pitching for Richmond Braves : RHP Pete Hamm
|
|
Batting: LHB Ron Diggle
|
0-0: Ball 1-0: Called Strike 1-1: Foul Ball, location: 2F 1-2: Ball 2-2: Ground out 4-3 (Groundball, 34, EV 101.9 MPH)
|
|
Batting: LHB Greg Brock
|
0-0: Ground out 4-3 (Groundball, 4S, EV 86.3 MPH)
|
|
Batting: SHB Ken Henderson
|
0-0: Called Strike 0-1: Foul Ball, location: 2F 0-2: Ball 1-2: Ball 2-2: Strikes out swinging
|
| Top of the 4th over - 0 runs, 0 hits, 0 errors, 0 left on base; Toledo 0 - Richmond 0 |
| BOTTOM OF THE 4TH |
|
Richmond Braves batting - Pitching for Toledo Mud Hens : RHP Douglas Mathey
|
|
Batting: RHB Mike Fuentes
|
0-0: Swinging Strike 0-1: Swinging Strike 0-2: Ball 1-2: Strikes out swinging
|
|
Batting: SHB Howard Johnson
|
0-0: Ball 1-0: Foul Ball, location: 2F 1-1: Called Strike 1-2: Ball 2-2: Ball 3-2: Foul Ball, location: 2F 3-2: Strikes out looking
|
|
Batting: LHB Chris Evans
|
0-0: Swinging Strike 0-1: Foul Ball, location: 2F 0-2: Ground out U3 (Groundball, 3, EV 101.9 MPH)
|
| Bottom of the 4th over - 0 runs, 0 hits, 0 errors, 0 left on base; Toledo 0 - Richmond 0 |
| TOP OF THE 5TH |
|
Toledo Mud Hens batting - Pitching for Richmond Braves : RHP Pete Hamm
|
|
Batting: RHB Milt Jefferson
|
0-0: Foul Ball, location: 2F 0-1: Ball 1-1: Ball 2-1: Foul Ball, location: 2F 2-2: Foul Ball, location: 2F 2-2: Ground out U3 (Groundball, 3, EV 108.1 MPH)
|
|
Batting: RHB Dennis Odom
|
0-0: Called Strike 0-1: Called Strike 0-2: Ball 1-2: Ball 2-2: Foul Ball, location: 2F 2-2: DOUBLE (Line Drive, 78M, EV 100.0 MPH)
|
|
Batting: RHB Larry Patterson
|
0-0: Reached on error, E6 (Groundball, 6, EV 105.0 MPH) Dennis Odom to third
|
|
Batting: LHB Greg Johnston
|
0-0: Called Strike 0-1: Swinging Strike 0-2: Ball 1-2: Strikes out looking
|
|
Batting: LHB George LaCoe
|
0-0: Called Strike 0-1: Foul Ball, location: 2F 0-2: Ball 1-2: Ground out 4-3 (Groundball, 4, EV 86.9 MPH)
|
| Top of the 5th over - 0 runs, 1 hit, 1 error, 2 left on base; Toledo 0 - Richmond 0 |
| BOTTOM OF THE 5TH |
|
Richmond Braves batting - Pitching for Toledo Mud Hens : RHP Douglas Mathey
|
|
Batting: LHB Dan Rohn
|
0-0: Called Strike 0-1: Ball 1-1: DOUBLE (Line Drive, 7LM, EV 108.8 MPH)
|
|
Batting: LHB Tracy Dophied
|
0-0: Bunt missed! 0-1: Sac Bunt to P - play at first, batter OUT! 1-4 Dan Rohn to third
|
|
Batting: SHB Donnie Scott
|
0-0: Called Strike 0-1: Foul Ball, location: 2F 0-2: Ball 1-2: Ground out 4-3 (Groundball, 34, EV 106.3 MPH) Dan Rohn scores
|
|
Batting: SHB Julio Cruz
|
0-0: Foul Ball, location: 2F 0-1: Ball 1-1: Fly out, F8 (Line Drive, 8LD, EV 93.8 MPH)
|
| Bottom of the 5th over - 1 run, 1 hit, 0 errors, 0 left on base; Toledo 0 - Richmond 1 |
| TOP OF THE 6TH |
|
Toledo Mud Hens batting - Pitching for Richmond Braves : RHP Pete Hamm
|
|
Batting: RHB Joey McEndree
|
0-0: Called Strike 0-1: Called Strike 0-2: Ball 1-2: Ball 2-2: Strikes out swinging
|
|
Batting: LHB Ron Diggle
|
0-0: Called Strike 0-1: Ball 1-1: Ball 2-1: Foul Ball, location: 2F 2-2: SINGLE (Line Drive, 78S, EV 108.1 MPH)
|
|
Batting: LHB Greg Brock
|
0-0: Ball 1-0: Foul Ball, location: 2F 1-1: Ball 2-1: Called Strike 2-2: Single, Error in OF, E9, batter to second base (Line Drive, 9LS, EV 91.9 MPH) Ron Diggle to third
|
|
Batting: SHB Ken Henderson
|
0-0: Ball 1-0: Called Strike 1-1: Ball 2-1: Foul Ball, location: 2F 2-2: Ball 3-2: Base on Balls
|
|
Batting: RHB Milt Jefferson
|
0-0: Fly out, F9 (Line Drive, 9, EV 90.6 MPH) Runner from 3rd tags up, SCORES, throw by RF
|
|
Batting: RHB Dennis Odom
|
0-0: Ball 1-0: Fly out, F3 (Line Drive, 3, EV 71.3 MPH)
|
| Top of the 6th over - 1 run, 2 hits, 1 error, 2 left on base; Toledo 1 - Richmond 1 |
| BOTTOM OF THE 6TH |
|
Richmond Braves batting - Pitching for Toledo Mud Hens : RHP Douglas Mathey
|
|
Batting: RHB Richard Busby
|
0-0: Ball 1-0: Ball 2-0: Foul Ball, location: 2F 2-1: Ball 3-1: Foul Ball, location: 2F 3-2: Foul Ball, location: 2F 3-2: Strikes out swinging
|
|
Batting: RHB Dave Stegman
|
0-0: Ball 1-0: Foul Ball, location: 2F 1-1: Foul Ball, location: 2F 1-2: Ground out 5-3 (Groundball, 56, EV 80.6 MPH)
|
|
Batting: RHB Mike Fuentes
|
0-0: Fly out, F9 (Flyball, 89M, EV 91.3 MPH)
|
| Bottom of the 6th over - 0 runs, 0 hits, 0 errors, 0 left on base; Toledo 1 - Richmond 1 |
| TOP OF THE 7TH |
|
Toledo Mud Hens batting - Pitching for Richmond Braves : RHP Pete Hamm
|
|
Batting: RHB Larry Patterson
|
0-0: Ball 1-0: SINGLE (Groundball, 56D, EV 104.4 MPH)
|
|
Batting: LHB Greg Johnston
|
0-0: Ball 1-0: Sac Bunt to 3S - play at first, batter OUT! 3-1 Larry Patterson to second
|
|
Batting: LHB George LaCoe
|
0-0: Ground out 1-3 (Groundball, 34S, EV 63.1 MPH) Larry Patterson to third
|
|
Batting: RHB Joey McEndree
|
0-0: Ball 1-0: Fly out, F8 (Flyball, 89M, EV 88.1 MPH)
|
| Top of the 7th over - 0 runs, 1 hit, 0 errors, 1 left on base; Toledo 1 - Richmond 1 |
| BOTTOM OF THE 7TH |
|
Richmond Braves batting - Pitching for Toledo Mud Hens : RHP Douglas Mathey
|
|
Batting: SHB Howard Johnson
|
0-0: Foul Ball, location: 2F 0-1: Fly out, F9 (Line Drive, 9, EV 91.9 MPH)
|
|
Batting: LHB Chris Evans
|
0-0: Ball 1-0: Ball 2-0: Ball 3-0: Called Strike 3-1: Foul Ball, location: 2F 3-2: Base on Balls
|
|
Batting: LHB Dan Rohn
|
0-0: Ball 1-0: Fly out, F6 (Line Drive, 6, EV 70.0 MPH)
|
|
Batting: LHB Tracy Dophied
|
0-0: Foul Ball, location: 2F 0-1: Swinging Strike 0-2: Ball 1-2: Ball 2-2: Ball 3-2: Foul Ball, location: 2F 3-2: Fly out, F8 (Flyball, 8RXD, EV 98.1 MPH)
|
| Bottom of the 7th over - 0 runs, 0 hits, 0 errors, 1 left on base; Toledo 1 - Richmond 1 |
| TOP OF THE 8TH |
|
Toledo Mud Hens batting - Pitching for Richmond Braves : RHP Pete Hamm
|
|
Batting: LHB Ron Diggle
|
0-0: Ball 1-0: Called Strike 1-1: Ball 2-1: Swinging Strike 2-2: Foul Ball, location: 2F 2-2: Foul Ball, location: 2F 2-2: Fly out, F8 (Line Drive, 8RD, EV 86.9 MPH)
|
|
Batting: LHB Greg Brock
|
0-0: Foul Ball, location: 2F 0-1: Fly out, F7 (Flyball, 7LS, EV 79.4 MPH)
|
|
Batting: SHB Ken Henderson
|
0-0: Foul Ball, location: 2F 0-1: Foul Ball, location: 2F 0-2: Ball 1-2: SINGLE (Groundball, 6MD, EV 100.6 MPH)
|
|
Batting: RHB Milt Jefferson
|
0-0: Swinging Strike 0-1: SINGLE (Groundball, P, EV 85.6 MPH) (infield hit) Ken Henderson to second
|
|
Pinch Runner at 2nd Ricardo Villasenor:
|
|
|
Batting: RHB Dennis Odom
|
0-0: Fly out, F9 (Flyball, 89D, EV 105.0 MPH)
|
| Top of the 8th over - 0 runs, 2 hits, 0 errors, 2 left on base; Toledo 1 - Richmond 1 |
| BOTTOM OF THE 8TH |
|
Richmond Braves batting - Pitching for Toledo Mud Hens : RHP Douglas Mathey
|
|
Batting: SHB Donnie Scott
|
0-0: Called Strike 0-1: Ball 1-1: Called Strike 1-2: Ground out 5-3 (Groundball, 5, EV 92.5 MPH)
|
|
Batting: SHB Julio Cruz
|
0-0: Ground out 6-3 (Groundball, 56, EV 102.5 MPH)
|
|
Batting: RHB Richard Busby
|
0-0: Foul Ball, location: 2F 0-1: Foul Ball, location: 2F 0-2: Foul Ball, location: 2F 0-2: Ball 1-2: Ground out 6-3 (Groundball, 6S, EV 84.4 MPH)
|
| Bottom of the 8th over - 0 runs, 0 hits, 0 errors, 0 left on base; Toledo 1 - Richmond 1 |
| TOP OF THE 9TH |
|
Toledo Mud Hens batting - Pitching for Richmond Braves : RHP Pete Hamm
|
|
Pitching: RHP Mike Allen
|
|
|
Batting: RHB Larry Patterson
|
0-0: Called Strike 0-1: Swinging Strike 0-2: Strikes out swinging
|
|
Batting: LHB Greg Johnston
|
0-0: Ball 1-0: Ball 2-0: Ground out 4-3 (Groundball, 34, EV 83.8 MPH)
|
|
Batting: LHB George LaCoe
|
0-0: Ground out 1-3 (Groundball, 15S, EV 74.4 MPH)
|
| Top of the 9th over - 0 runs, 0 hits, 0 errors, 0 left on base; Toledo 1 - Richmond 1 |
| BOTTOM OF THE 9TH |
|
Richmond Braves batting - Pitching for Toledo Mud Hens : RHP Douglas Mathey
|
|
Batting: RHB Dave Stegman
|
0-0: Reached on error, E6 (Groundball, 6, EV 107.5 MPH)
|
|
Batting: RHB Mike Fuentes
|
0-0: Ball 1-0: Called Strike 1-1: Ball 2-1: Foul Ball, location: 2F 2-2: Foul Ball, location: 2F 2-2: SINGLE (Flyball, 3D, EV 96.9 MPH) Dave Stegman to second
|
|
Batting: SHB Howard Johnson
|
0-0: SINGLE (Line Drive, 78S, EV 90.0 MPH) Dave Stegman to third Mike Fuentes to second Runner from 3rd tries for Home, SAFE, throw by LF to home
|
| Bottom of the 9th over - 1 run, 2 hits, 1 error, 0 left on base; Toledo 1 - Richmond 2 |
|